Map: Lightshade LE

Players

MaxPax - Winner!

  • Race: Protoss Protoss

goblin

  • Race: Protoss Protoss

Event: DreamHack SC2 Masters 2021 Fall

VOD

Have the link to the VOD?

Description

Time

  • Played on: Aug. 5, 2021, 11:25 a.m.
  • Length: 15:33

All games in this series

Show
View Real Time Build Order
Export as new Build Order

MaxPax Protoss - Winner!

Build Orders: Oracle Opening, Chargelot Immortal 

Get SALT Encoding   

  12  0:00  Probe  
  13  0:12  Probe  
  14  0:20  Pylon  
  14  0:24  Probe  
  15  0:38  Probe (Chrono Boost)  
  15  0:42  Gateway  
  16  0:48  Assimilator, Probe (Chrono Boost)  
  17  0:52  Probe (Chrono Boost)  
  18  1:04  Probe (Chrono Boost)  
  19  1:11  Assimilator  
  19  1:12  Pylon  
  19  1:16  Probe (Chrono Boost)  
  20  1:25  Probe (Chrono Boost)  
  21  1:29  Cybernetics Core  
  21  1:30  Probe  
  24  1:46  Probe  
  25  1:58  Probe  
  24  2:08  Nexus  
  24  2:11  Stargate  
  24  2:16  Adept (Chrono Boost)  
  24  2:22  Probe  
  27  2:25  Warp Gate  
  27  2:34  Pylon  
  27  2:35  Probe  
  28  2:49  Probe  
  31  2:53  Adept  
  31  2:55  Oracle (Chrono Boost)  
  33  3:01  Probe  
  34  3:09  Gateway  
  34  3:16  Shield Battery  
  34  3:17  Probe  
  35  3:21  Probe  
  36  3:27  Oracle (Chrono Boost)  
  36  3:31  Probe  
  40  3:35  Probe  
  41  3:43  Probe  
  41  3:45  Stalker  
  41  3:47  Probe  
  46  3:55  Probe (Chrono Boost)  
  46  3:59  Twilight Council, Probe (Chrono Boost)  
  43  4:03  Assimilator  
  45  4:11  Gateway, Probe (Chrono Boost)  
  45  4:13  Probe (Chrono Boost)  
  45  4:18  Probe (Chrono Boost)  
  45  4:20  Stalker, Probe (Chrono Boost)  
  49  4:27  Pylon  
  49  4:29  Probe  
  50  4:31  Probe  
  50  4:32  Blink (Chrono Boost)  
  51  4:41  Probe  
  51  4:45  Probe  
  53  4:48  Gateway, Dark Shrine  
  53  4:53  Probe  
  53  4:57  Probe  
  53  4:59  Assimilator  
  55  5:04  Pylon  
  55  5:05  Forge, Probe  
  56  5:09  Stalker  
  58  5:16  Stalker x2  
  58  5:20  Pylon  
  59  5:32  Probe  
  60  5:39  Nexus  
  60  5:43  Protoss Ground Weapons Level 1 (Chrono Boost)  
  60  5:44  Shield Battery  
  60  5:47  Stalker x2  
  64  5:58  Stalker  
  64  5:59  Dark Templar  
  64  6:01  Probe x2  
  70  6:08  Photon Cannon  
  70  6:13  Probe  
  71  6:27  Stalker  
  71  6:29  Probe  
  71  6:31  Probe  
  75  6:33  Photon Cannon  
  75  6:37  Stalker  
  77  6:41  Robotics Facility, Probe  
  77  6:42  Pylon  
  77  6:45  Pylon  
  77  6:46  Pylon  
  78  6:47  Probe  
  78  6:54  Stalker x2  
  78  6:57  Pylon  
  78  6:58  Stalker  
  78  7:00  Probe  
  81  7:01  Probe  
  81  7:05  Stalker  
  81  7:06  Probe  
  84  7:14  Probe  
  85  7:18  Photon Cannon  
  85  7:20  Stalker x2  
  85  7:21  Probe  
  90  7:23  Charge  
  90  7:24  Sentry  
  90  7:26  Probe  
  90  7:27  Probe  
  90  7:29  Observer (Chrono Boost)  
  95  7:33  Probe  
  96  7:38  Probe  
  96  7:41  Dark Templar  
  96  7:43  Immortal (Chrono Boost)  
  99  7:50  Stalker x3  
  107  7:52  Probe  
  108  8:02  Shield Battery  
  106  8:06  Gateway x2  
  106  8:08  Gateway  
  106  8:12  Immortal (Chrono Boost)  
  106  8:16  Sentry  
  106  8:17  Stalker x2  
  115  8:21  Assimilator x2  
  115  8:23  Immortal (Chrono Boost)  
  115  8:26  Pylon  
  115  8:40  Shield Battery  
  115  8:43  Zealot x2  
  117  8:52  Pylon  
  109  8:57  Pylon, Immortal (Chrono Boost)  
  109  9:00  Pylon  
  109  9:06  Zealot x6  
  109  9:07  Zealot  
  89  9:26  Stalker x5  
  89  9:27  Observer (Chrono Boost), Stalker  
  92  9:45  Immortal (Chrono Boost)  
  92  9:54  Nexus, Sentry  
  92  9:55  Sentry, Stalker x2  
  92  9:59  Stalker  
  95  10:18  Observer  
  95  10:21  Sentry x2, Stalker x2  
  98  10:25  Pylon  
  98  10:27  Immortal  
  102  10:43  Pylon  
  102  10:44  Dark Templar  
  102  10:46  Sentry, Stalker x2  
  110  10:52  Pylon  
  110  10:54  Shield Battery  
  110  10:59  Protoss Ground Weapons Level 2 (Chrono Boost)  
  114  11:13  Sentry  
  114  11:14  Sentry, Stalker x2  
  116  11:19  Probe x2  
  116  11:23  Photon Cannon  
  118  11:32  Robotics Bay  
  118  11:34  Zealot x3  
  124  11:48  Pylon  
  124  11:54  Immortal (Chrono Boost)  
  126  12:02  Zealot x5  
  126  12:06  Photon Cannon  
  134  12:18  Photon Cannon  
  134  12:20  Stalker x2  
  138  12:23  Disruptor (Chrono Boost)  
  138  12:29  Assimilator  
  141  12:30  Assimilator  
  141  12:35  Stalker x2  
  139  12:45  Stalker x3  
  139  12:51  Disruptor (Chrono Boost)  
  144  13:05  Probe  
  141  13:10  Stalker x3  
  146  13:13  Disruptor (Chrono Boost)  
  146  13:14  Shield Battery  
  135  13:30  Zealot  
  135  13:31  Zealot x2  
  135  13:33  Zealot x3  
  113  13:45  Disruptor (Chrono Boost)  
  110  13:52  Stalker x3  
  114  14:05  Photon Cannon, Sentry x4  
  122  14:14  Disruptor (Chrono Boost)  
  125  14:17  Stalker x2  
  125  14:20  Stalker  
  129  14:34  Dark Templar  
  129  14:40  Stalker  
  129  14:41  Stalker x3  
  137  14:47  Disruptor  
  126  15:01  Dark Templar  
  126  15:05  Stalker x3  
  126  15:06  Probe  
  135  15:08  Probe  
  135  15:13  Stalker  
  138  15:14  Sentry  
  140  15:22  Dark Templar  
Show
View Real Time Build Order
Export as new Build Order

goblin Protoss 

Build Orders:  

Get SALT Encoding   

  12  0:00  Probe  
  13  0:12  Probe  
  14  0:17  Pylon  
  14  0:24  Probe (Chrono Boost)  
  15  0:36  Probe (Chrono Boost)  
  15  0:37  Gateway  
  16  0:44  Probe (Chrono Boost)  
  16  0:47  Assimilator  
  17  0:50  Probe  
  17  0:54  Assimilator  
  18  1:03  Probe (Chrono Boost)  
  19  1:05  Pylon  
  19  1:12  Probe (Chrono Boost)  
  19  1:17  Probe (Chrono Boost)  
  20  1:23  Cybernetics Core  
  21  1:29  Probe  
  22  1:36  Zealot  
  24  1:41  Probe  
  25  1:53  Probe  
  26  2:03  Nexus  
  26  2:12  Stalker  
  26  2:14  Probe  
  29  2:17  Warp Gate  
  29  2:26  Probe  
  30  2:30  Pylon  
  30  2:38  Probe (Chrono Boost)  
  31  2:48  Stalker  
  31  2:50  Probe (Chrono Boost)  
  34  2:56  Shield Battery  
  35  2:59  Probe (Chrono Boost)  
  35  3:04  Shield Battery  
  35  3:05  Probe  
  36  3:13  Twilight Council  
  36  3:15  Probe (Chrono Boost)  
  36  3:19  Stalker  
  39  3:21  Probe (Chrono Boost)  
  40  3:28  Probe (Chrono Boost)  
  40  3:33  Probe (Chrono Boost)  
  42  3:36  Probe (Chrono Boost)  
  42  3:38  Gateway  
  42  3:39  Probe (Chrono Boost)  
  44  3:42  Probe  
  44  3:48  Shield Battery  
  45  3:50  Probe  
  45  3:54  Probe  
  43  4:02  Probe  
  43  4:06  Probe (Chrono Boost)  
  43  4:09  Stalker  
  46  4:10  Blink (Chrono Boost)  
  47  4:17  Pylon  
  47  4:18  Probe (Chrono Boost)  
  47  4:20  Probe (Chrono Boost)  
  47  4:25  Probe (Chrono Boost)  
  47  4:31  Probe (Chrono Boost)  
  48  4:32  Probe (Chrono Boost)  
  48  4:37  Stalker  
  48  4:38  Stalker  
  53  4:44  Probe (Chrono Boost)  
  55  4:48  Pylon, Probe (Chrono Boost)  
  55  4:49  Assimilator  
  55  4:50  Probe (Chrono Boost)  
  56  4:54  Probe  
  56  4:59  Probe  
  58  5:01  Stalker  
  58  5:02  Gateway x2  
  60  5:07  Gateway  
  60  5:13  Forge  
  60  5:14  Pylon  
  60  5:28  Probe  
  60  5:30  Stalker x2  
  64  5:41  Protoss Ground Weapons Level 1 (Chrono Boost)  
  64  5:44  Pylon  
  64  5:48  Photon Cannon  
  64  5:52  Pylon  
  64  5:55  Stalker x2  
  68  6:00  Stalker x2  
  72  6:08  Stalker  
  74  6:12  Photon Cannon  
  74  6:19  Stalker  
  74  6:20  Stalker  
  78  6:27  Stalker x2  
  78  6:32  Stalker  
  84  6:33  Robotics Facility  
  84  6:41  Cybernetics Core  
  84  6:43  Pylon  
  82  6:58  Pylon  
  82  7:00  Stalker x2  
  86  7:04  Stalker x2  
  86  7:22  Observer (Chrono Boost)  
  87  7:26  Gateway  
  87  7:27  Stalker x4  
  95  7:31  Pylon  
  95  7:57  Stalker x4  
  103  8:01  Observer  
  103  8:02  Pylon  
  104  8:13  Pylon  
  104  8:21  Stalker x4  
  104  8:23  Stalker  
  104  8:24  Nexus  
  104  8:25  Pylon  
  114  8:33  Probe  
  104  8:56  Stalker x5  
  104  8:57  Stalker  
  96  9:14  Observer  
  93  9:19  Stalker  
  93  9:20  Stalker x4  
  101  9:29  Stalker  
  103  9:33  Observer  
  103  9:43  Stalker x4  
  109  10:00  Photon Cannon, Stalker x2  
  98  10:15  Charge (Chrono Boost)  
  94  10:23  Stalker x2, Zealot  
  94  10:24  Zealot x2  
  94  10:27  Shield Battery  
  104  10:30  Stalker  
  106  10:45  Stalker x3  
  112  10:53  Stalker  
  112  10:54  Zealot x2  
  118  11:02  Probe (Chrono Boost)  
  118  11:03  Probe (Chrono Boost)  
  118  11:04  Gateway, Probe (Chrono Boost)  
  121  11:16  Stalker  
  121  11:17  Stalker, Zealot  
  121  11:18  Protoss Ground Weapons Level 2 (Chrono Boost)  
  127  11:19  Probe (Chrono Boost)  
  125  11:38  Zealot x3  
  125  11:39  Zealot  
  133  11:45  Stalker  
  133  11:46  Stalker  
  137  11:49  Probe  
  137  11:50  Pylon  
  138  11:59  Zealot x3  
  138  12:00  Zealot  
  146  12:06  Zealot  
  148  12:23  Zealot x2  
  148  12:24  Zealot x2  
  148  12:25  Pylon  
  156  12:36  Zealot  
  156  12:44  Zealot x4  
  164  12:52  Pylon  
  164  12:53  Pylon  
  164  12:55  Pylon  
  164  13:06  Pylon  
  164  13:11  Stalker x2, Zealot x2  
  164  13:12  Zealot x3  
  162  13:32  Zealot x5  
  112  13:44  Stalker x2  
  112  13:52  Stalker x4  
  112  13:55  Stalker  
  120  14:08  Zealot x3  
  126  14:13  Observer  
  126  14:14  Stalker  
  126  14:15  Stalker x3  
  132  14:30  Stalker x3  
  138  14:40  Stalker x3  
  138  14:41  Stalker  
  146  14:49  Observer  
  137  14:57  Observer  
  107  15:03  Stalker x5  
  117  15:07  Stalker  
  117  15:10  Observer  
  120  15:19  Stalker  

Tags
 
Add a new tag
Caveats
  • Supply blocks, unpowered buildings, or Contaminate may cause inaccurate times.
  • Supply counts are checked every 10 seconds.